 Dungeon Crawl Stone Soup version 0.29-a0-529-gfa20dd96a1 (webtiles) character file.

Game seed: 5532383592981988082

157 dolemite99 the Chopper (level 5, -1/41 HPs)
             Began as a Demonspawn Fighter on June 2, 2022.
             Slain by an ogre
             ... wielding a +0 giant club
              (15 damage)
             ... on level 3 of the Dungeon.
             The game lasted 00:02:31 (2704 turns).

dolemite99 the Chopper (Demonspawn Fighter)         Turns: 2704, Time: 00:02:32

Health: -1/41      AC: 10    Str: 18    XL:     5   Next: 15%
Magic:  5/5        EV:  6    Int: 10    God:
Gold:   175        SH:  4    Dex: 12    Spells: 4/4 levels left

rFire   . . .      SeeInvis .   a - +0 war axe
rCold   . . .      Faith    .   c - +0 buckler
rNeg    . . .      Spirit   .   j - +0 chain mail
rPois   .          Reflect  .   (helmet restricted)
rElec   .          Harm     .   (no cloak)
rCorr   .          Rampage  .   h - +0 pair of gloves
Will    .....                   (no boots)
Stlth   ..........              (no amulet)
HPRegen 0.13/turn               (no ring)
MPRegen 0.09/turn               (no ring)

@: no status effects
A: horns 1, ignite blood 1
a: no special abilities


You were on level 3 of the Dungeon.
You visited 1 branch of the dungeon, and saw 3 of its levels.

You collected 175 gold pieces.

Inventory:

Hand Weapons
 a - a +0 war axe (weapon)
Armour
 b - a +0 scale mail
 c - a +0 buckler (worn)
 h - a +0 pair of gloves (worn)
 j - a +0 chain mail (worn)
Scrolls
 e - a scroll of magic mapping {unknown}
 k - 2 scrolls of identify {unknown}
 o - a scroll of poison {unknown}
Potions
 d - a potion of resistance {unknown}
 f - a potion of mutation {unknown}
 g - 2 potions of curing {unknown}
 i - a potion of invisibility {unknown}
 m - a potion of degeneration {unknown}
 n - a potion of magic {unknown}


   Skills:
 - Level 3.0 Fighting
 + Level 4.9 Axes
 - Level 2.6 Armour
 - Level 2.6 Shields


You had 4 spell levels left.
You didn't know any spells.
Your spell library contained the following spells:

 Spells                   Type           Power      Damage    Failure   Level
 Shock                    Conj/Air       0%         1d3       100%        1
 Swiftness                Air            0%         N/A       100%        3
 Airstrike                Air            0%         N/A       100%        4


Dungeon Overview and Level Annotations

Branches:
Dungeon (3/15)

Altars:
Uskayaw
Vehumet
Wu Jian


Innate Abilities, Weirdness & Mutations

You have a pair of small horns on your head.
Your demonic aura sometimes causes spilled blood to erupt in flames.


Message History

You throw a poisoned dart.
The poisoned dart hits the giant cockroach.
The giant cockroach is poisoned.
A giant cockroach is nearby!
A giant cockroach is nearby!
You barely miss the giant cockroach.
The giant cockroach is moderately wounded.
The giant cockroach bites you but does no damage.
You slash the giant cockroach!
You kill the giant cockroach!
No target in view!
You see here a giant cockroach corpse.
No target in view!
l - 2 poisoned darts (gained 1)
You now have 175 gold pieces (gained 11).
Found a hide-covered altar of Uskayaw.
An ogre comes into view. It is wielding a +0 giant club.
Okay, then.
Okay, then.
Throw: 2 darts (poison)
Press: ? - help, Shift-Dir - straight line, f - ogre
Aim: an ogre, wielding a +0 giant club (73% to hit)
You throw a poisoned dart. The poisoned dart hits the ogre.
The ogre is poisoned.
You slash the ogre!
The ogre is moderately wounded.
The ogre hits you with a +0 giant club!
You hit the ogre but do no damage.
The ogre is moderately wounded.
The ogre hits you with a +0 giant club!
Throw: dart (poison)
Press: ? - help, Q - select action Shift-Dir - straight line, f/p - ogre
Aim: an ogre, wielding a +0 giant club (severely wounded, poisoned, 73% to hit)
You throw a poisoned dart. The poisoned dart hits the ogre.
The ogre is severely wounded.
The ogre looks more healthy.
You hit the ogre.
The ogre is severely wounded.
The ogre hits you with a +0 giant club!
You die...

..........
.........#
.........#
.........#
.....(...#
#.(# #..#
#O.# #@.# #.
##..# ..
#...# ..
#.#.# .###.
#.#.##
.....##.#..#
#........#
#........#
#........##


You could see an ogre.

Vanquished Creatures
  Jessica (D:2)
  Natasha (D:2)
  Robin (D:2)
  4 adders (D:2)
  A worm (D:2)
  3 ball pythons
  5 bats
  3 endoplasms (D:1)
  3 giant cockroaches
  15 goblins
  6 hobgoblins
  3 quokkas (D:1)
  3 frilled lizards
  5 kobolds
  2 rats
56 creatures vanquished.

Vanquished Creatures (others)
  A goblin (D:2)
1 creature vanquished.

Grand Total: 57 creatures vanquished

Notes
Turn   | Place    | Note
-------+----------+-------------------------------------------
     0 | D:1      | dolemite99 the Demonspawn Fighter began the quest for the
                  | Orb.
     0 | D:1      | Reached XP level 1. HP: 18/18 MP: 1/1
   160 | D:1      | Reached skill level 2 in Axes
   529 | D:1      | Gained mutation: You have a pair of small horns on your
                  | head. [demonic ancestry]
   529 | D:1      | Reached XP level 2. HP: 23/24 MP: 2/2
   601 | D:1      | Found a faded altar of an unknown god.
   615 | D:1      | Prayed at the altar of an unknown god.
   615 | D:1      | Became a worshipper of Vehumet
   615 | D:1      | Reached * piety under Vehumet
   615 | D:1      | Offered knowledge of Sandblast by Vehumet.
   704 | D:1      | Fell from the grace of Vehumet
   866 | D:1      | Reached skill level 3 in Axes
  1336 | D:1      | Reached XP level 3. HP: 28/29 MP: 3/3
  1481 | D:2      | Noticed Jessica
  1493 | D:2      | Killed Jessica
  1789 | D:2      | Reached skill level 4 in Axes
  1789 | D:2      | Gained mutation: Your demonic aura sometimes causes spilled
                  | blood to erupt in flames. [demonic ancestry]
  1789 | D:2      | Reached XP level 4. HP: 29/35 MP: 4/4
  2033 | D:2      | Noticed Robin
  2045 | D:2      | Killed Robin
  2048 | D:2      | Found an ornate altar of the Wu Jian Council.
  2457 | D:2      | Noticed Natasha
  2461 | D:2      | Killed Natasha
  2462 | D:2      | Reached XP level 5. HP: 41/41 MP: 5/5
  2695 | D:3      | Found a hide-covered altar of Uskayaw.
  2696 | D:3      | Noticed an ogre
  2704 | D:3      | Slain by an ogre

Illustrated notes

Levels and vault maps discovered:
D:1:      nagdon_arrival_zigzag_paths, layout_basic, basic_ecumenical_altar,
          minivault_24, hex_large
D:2:      layout_loops_ring, basic_altar, uniq_jessica, uniq_natasha, uniq_robin
D:3:      minmay_goblin_kobold_castle, layout_rooms,
          mainiacjoe_overflow_boulevard

Skill      XL: |  1  2  3 |
---------------+----------+-----
Axes           | 2 3 4 |  4.9
Fighting       | |  3.0
Armour         | |  2.6
Shields        | |  2.6

Action                   |  1- 3 |  4- 6 || total
-------------------------+-------+-------++-------
Melee: War axe           |    93 |    38 ||   131
       Headbutt          |    10 |     4 ||    14
Throw: Dart              |       |    15 ||    15
Invok: Renounce Religion |     1 |       ||     1
  Use: Potion            |       |     2 ||     2
Armor: Scale mail        |    29 |       ||    29
       Chain mail        |    22 |    32 ||    54
Dodge: Dodged            |    40 |    14 ||    54
Block: Buckler           |    26 |     9 ||    35

Table legend: (Time is in decaauts)
 A = Elapsed time spent in this place.
 B = Non-inter-level travel time spent in this place.
 C = Inter-level travel time spent in this place.
 D = Time resting spent in this place.
 E = Time spent auto-exploring this place.
 F = Levels seen in this place.
 G = Mean time per level.
                   A        B        C        D        E       F      G
               +--------+--------+--------+--------+--------+-----+--------+
         Total |   2734 |   2668 |     66 |    469 |   1682 |   3 |  911.3 |
       Dungeon |   2734 |   2668 |     66 |    469 |   1682 |   3 |  911.3 |
               +--------+--------+--------+--------+--------+-----+--------+

Top non-repeatable levels by time:
     D:1: 1518 daAuts
     D:2: 1182 daAuts
     D:3: 32 daAuts
